Map: Prion Terraces

Players

Serral - Winner!

  • Race: Zerg Zerg
  • League: Grandmaster

ShoWTimE

  • Race: Protoss Protoss
  • League: Grandmaster

Event: 2016 WCS Winter Challenger Europe

VOD

https://www.youtube.com/watch?v=NlQxC1AdU94

Description

Time

  • Played on: Feb. 13, 2016, 10:26 a.m.
  • Length: 10:44

All games in this series

Show
View Real Time Build Order
Export as new Build Order

Serral Zerg - Winner!

Build Orders: Pool First 

Get SALT Encoding   

  12  0:00  Drone  
  13  0:21  Spawning Pool  
  13  0:25  Drone  
  13  0:30  Drone  
  14  0:36  Drone, Extractor  
  15  0:43  Overlord  
  15  1:08  Zergling x2  
  15  1:09  Zergling x4  
  18  1:17  Hatchery  
  17  1:19  Zergling x2  
  18  1:29  Queen  
  20  1:35  Zergling x2  
  21  1:45  Overlord  
  21  1:53  Drone  
  22  2:04  Drone  
  22  2:05  Queen  
  23  2:16  Drone  
  24  2:25  Drone  
  25  2:31  Queen  
  25  2:32  Drone  
  26  2:37  Drone  
  26  2:49  Hatchery  
  26  2:50  Drone  
  26  2:54  Drone  
  26  2:56  Drone  
  28  3:00  Overlord  
  28  3:03  Drone  
  29  3:07  Drone  
  29  3:11  Drone x2  
  32  3:14  Zergling x2  
  32  3:15  Zergling x2  
  32  3:18  Overlord  
  34  3:21  Zergling x2  
  34  3:23  Extractor  
  34  3:24  Drone  
  34  3:25  Extractor  
  34  3:27  Drone  
  34  3:30  Zergling x2  
  34  3:31  Zergling x2  
  37  3:35  Overlord  
  37  3:37  Drone  
  37  3:40  Drone  
  39  3:43  Drone  
  39  3:44  Drone x2  
  39  3:46  Drone  
  43  3:50  Drone  
  43  3:51  Drone x2  
  46  3:59  Roach Warren  
  46  4:01  Drone  
  46  4:09  Drone x2  
  46  4:10  Drone x2  
  46  4:14  Drone x3  
  51  4:20  Overlord, Spore Crawler  
  50  4:24  Metabolic Boost  
  50  4:27  Extractor  
  50  4:29  Drone  
  50  4:32  Spore Crawler  
  50  4:33  Drone  
  50  4:36  Drone, Spore Crawler  
  50  4:39  Drone x2  
  50  4:41  Drone  
  53  4:50  Drone x3  
  56  4:55  Overlord  
  56  4:56  Overlord, Drone x3  
  56  4:57  Drone x2  
  56  4:58  Drone  
  61  5:05  Extractor x2  
  59  5:08  Queen x2  
  59  5:10  Queen  
  65  5:14  Overlord  
  65  5:16  Drone x3  
  65  5:18  Drone x2  
  65  5:21  Drone x2  
  72  5:22  Overlord  
  72  5:27  Overlord  
  72  5:33  Overlord x2  
  72  5:38  Drone  
  72  5:39  Zergling x2  
  72  5:40  Zergling x12, Extractor  
  77  5:49  Drone x2  
  76  5:52  Queen x3  
  82  6:00  Overlord  
  82  6:06  Drone  
  82  6:07  Drone x3  
  82  6:10  Roach x5  
  96  6:17  Spore Crawler  
  94  6:18  Roach  
  94  6:19  Roach x2  
  94  6:23  Overlord, Roach  
  94  6:24  Roach x2  
  106  6:33  Queen x3  
  106  6:39  Roach x3  
  118  6:41  Overlord  
  117  6:47  Ravager  
  117  6:48  Ravager x4  
  117  6:50  Ravager  
  117  6:52  Roach x4  
  130  6:55  Ravager x3  
  133  7:01  Roach x2  
  133  7:02  Roach x3  
  143  7:13  Lair  
  143  7:16  Overlord x2  
  143  7:19  Ravager x3  
  143  7:20  Roach  
  143  7:21  Roach x3  
  147  7:46  Roach  
  147  7:47  Roach x10  
  168  7:53  Zergling x4, Roach x3  
  168  7:54  Zergling x2, Roach  
  150  8:07  Roach x3  
  150  8:11  Glial Reconstitution  
  156  8:13  Spire  
  156  8:15  Roach  
  156  8:16  Roach x2  
  161  8:28  Hatchery  
  161  8:31  Roach  
  161  8:32  Roach x3  
  158  8:42  Overlord x2, Drone  
  158  8:43  Drone x8  
  167  8:51  Ravager  
  167  8:52  Ravager  
  167  8:55  Extractor  
  168  8:57  Overlord  
  168  8:58  Extractor  
  157  9:14  Overlord x2  
  157  9:24  Mutalisk  
  157  9:25  Mutalisk x12  
  183  9:33  Zergling x6  
  183  9:38  Ravager x4  
  190  9:40  Roach  
  190  9:42  Zergling x6  
  190  9:43  Zergling x6  
  197  10:05  Roach x4  
  184  10:09  Hatchery, Ravager  
  184  10:10  Zergling x2, Ravager x3  
  184  10:11  Zergling x24  
  196  10:20  Roach x2  
Show
View Real Time Build Order
Export as new Build Order

ShoWTimE Protoss 

Build Orders: 1 Gate Expand, Oracle Opening 

Get SALT Encoding   

  12  0:00  Probe (Chrono Boost)  
  13  0:11  Probe (Chrono Boost)  
  14  0:18  Pylon  
  14  0:22  Probe (Chrono Boost)  
  15  0:37  Probe (Chrono Boost), Gateway  
  16  0:44  Assimilator  
  16  0:47  Probe (Chrono Boost)  
  17  0:58  Probe (Chrono Boost)  
  18  1:08  Probe (Chrono Boost)  
  19  1:20  Nexus  
  19  1:30  Cybernetics Core  
  19  1:37  Zealot (Chrono Boost)  
  21  1:40  Probe  
  22  1:48  Assimilator  
  22  2:03  Pylon  
  22  2:10  Zealot (Chrono Boost)  
  23  2:15  Mothership Core (Chrono Boost)  
  21  2:23  Warp Gate  
  21  2:33  Probe (Chrono Boost)  
  23  2:37  Probe (Chrono Boost)  
  23  2:39  Adept (Chrono Boost)  
  23  2:42  Probe (Chrono Boost)  
  26  2:52  Probe  
  26  2:53  Probe  
  28  3:02  Stargate  
  28  3:05  Probe (Chrono Boost)  
  28  3:09  Probe (Chrono Boost)  
  30  3:15  Adept  
  30  3:19  Probe (Chrono Boost)  
  33  3:21  Probe (Chrono Boost)  
  34  3:30  Probe (Chrono Boost)  
  34  3:32  Probe (Chrono Boost)  
  36  3:40  Probe (Chrono Boost)  
  37  3:42  Probe (Chrono Boost)  
  37  3:47  Pylon  
  38  3:51  Probe x2 (Chrono Boost), Oracle (Chrono Boost)  
  43  4:02  Probe x2  
  45  4:12  Probe  
  45  4:15  Probe  
  45  4:18  Gateway  
  45  4:19  Gateway  
  45  4:23  Probe, Oracle (Chrono Boost)  
  48  4:25  Assimilator  
  48  4:27  Probe  
  48  4:28  Assimilator  
  50  4:33  Probe  
  50  4:37  Adept  
  53  4:39  Probe  
  54  4:46  Pylon  
  54  4:57  Nexus  
  54  5:03  Probe, Pylon  
  54  5:05  Probe  
  56  5:09  Robotics Facility  
  56  5:13  Probe  
  56  5:14  Pylon  
  56  5:17  Probe, Sentry x2  
  62  5:23  Gateway  
  62  5:24  Probe  
  62  5:26  Gateway  
  63  5:29  Probe  
  63  5:34  Pylon  
  63  5:35  Probe  
  64  5:41  Probe  
  66  5:45  Probe  
  67  5:51  Twilight Council  
  67  5:52  Forge  
  67  5:55  Probe  
  67  5:56  Probe  
  68  5:58  Pylon  
  68  6:00  Robotics Bay  
  69  6:04  Robotics Facility  
  69  6:07  Probe  
  70  6:11  Observer  
  70  6:13  Probe, Adept x2  
  76  6:21  Adept  
  76  6:22  Protoss Ground Weapons Level 1  
  76  6:23  Probe  
  79  6:30  Assimilator  
  79  6:33  Assimilator  
  79  6:35  Blink (Chrono Boost)  
  79  6:41  Pylon  
  79  6:48  Disruptor (Chrono Boost)  
  79  6:51  Stalker x3  
  79  6:52  Stalker  
  90  6:58  Zealot  
  92  7:03  Disruptor (Chrono Boost)  
  92  7:07  Gateway  
  94  7:12  Pylon, Gateway  
  94  7:14  Pylon  
  94  7:19  Stalker x3  
  94  7:22  Stalker  
  105  7:30  Disruptor (Chrono Boost)  
  101  7:38  Stalker  
  97  7:46  Stalker x4  
  103  7:57  Pylon  
  82  8:08  Disruptor (Chrono Boost)  
  82  8:12  Pylon, Disruptor (Chrono Boost)  
  85  8:16  Stalker x3  
  85  8:17  Stalker  
  93  8:20  Zealot x3  
  97  8:41  Pylon  
  97  8:43  Pylon  
  97  8:47  Pylon  
  97  8:49  Pylon  
  97  9:00  Warp Prism (Chrono Boost), Disruptor (Chrono Boost)  
  102  9:10  Stalker  
  102  9:11  Stalker x2  
  108  9:20  Stalker x2  
  108  9:23  Nexus  
  112  9:26  Stalker  
  112  9:29  Pylon  
  112  9:46  Pylon  
  112  9:51  Sentry x2  
  112  9:52  Stalker, Sentry  
  120  9:55  Stalker  
  122  10:08  Stalker x2  
  104  10:38  Stalker x3  
Tags
 
Add a new tag
Caveats
  • Supply blocks, unpowered buildings, or Contaminate may cause inaccurate times.
  • Supply counts are checked every 10 seconds.